 Dungeon Crawl Stone Soup version 0.27.1 (webtiles) character file.

Game seed: 6082555296550098852

1115 mainiacjoe the Twirler (level 8, -2/88 HPs)
             Began as a Djinni Gladiator on Sept 4, 2021.
             Slain by Pikel (6 damage)
             ... on level 6 of the Dungeon.
             The game lasted 00:11:08 (7459 turns).

mainiacjoe the Twirler (Djinni Gladiator)           Turns: 7459, Time: 00:11:09

Health: -2/88      AC: 24    Str: 13    XL:     8   Next: 60%
Gold:   369        EV:  2    Int: 13    God:
                   SH:  0    Dex: 14

rFire    . . .     SeeInvis .   a - +0 quarterstaff
rCold    . . .     Faith    .   (shield currently unavailable)
rNeg     + + +     Spirit   .   (armour currently unavailable)
rPois    ∞         Reflect  .   (helmet currently unavailable)
rElec    .         Harm     .   (cloak currently unavailable)
rCorr    .         Rampage  .   (gloves currently unavailable)
Will     .....     NoTele   +   (boots unavailable)
Stlth    +.........             (no amulet)
HPRegen  0.24/turn              (no ring)
MPRegen  0.00/turn              (no ring)

@: tree-form
A: stationary, stasis, torment immunity, boosted hp, sickness immunity, (fire
resistance 2), (cold vulnerability 1), float, innate caster, hp casting, extra
vitality 1
a: no special abilities


You were on level 6 of the Dungeon.
You were a tree.
You visited 1 branch of the dungeon, and saw 6 of its levels.
You also visited: Sewer.

You collected 369 gold pieces.

Inventory:

Hand Weapons
 a - a +0 quarterstaff (weapon)
 b - a +0 hunting sling
 o - a +0 morningstar
Missiles
 d - 2 throwing nets {=F}
 f - 194 stones (quivered)
 l - 37 sling bullets
 q - 5 boomerangs of dispersal {=F}
 r - 11 bolts
 v - 5 javelins
 x - 66 arrows
 A - 4 silver boomerangs
Armour
 c - a +0 helmet (melded)
 m - a +0 plate armour
 p - a +0 leather armour
 G - a +3 plate armour (melded)
 H - a +0 cloak (melded)
Jewellery
 w - a ring of protection from fire
Scrolls
 g - 2 scrolls of teleportation
 i - a scroll of amnesia {unknown}
 j - a scroll of vulnerability {unknown}
 n - a scroll of torment {unknown}
 t - a scroll of magic mapping {unknown}
 y - a scroll of enchant weapon {unknown}
 B - 2 scrolls of fear {unknown}
 E - a scroll of blinking {unknown}
 F - a scroll of acquirement {unknown}
Potions
 e - 2 potions of curing {unknown}
 h - a potion of mutation {unknown}
 k - a potion of lignification
 s - 2 potions of heal wounds {unknown}
 u - a potion of ambrosia {unknown}
 z - a potion of resistance {unknown}
 C - a potion of berserk rage {unknown}
 D - 2 potions of cancellation {unknown}


   Skills:
 + Level 5.1 Fighting
 * Level 6.8 Staves
 - Level 1.5 Throwing
 + Level 6.1 Dodging


You had one spell level left.
You knew the following spells:

 Your Spells              Type           Power      Damage    Failure   Level
a - Shock                 Conj/Air       0%         1d3       30%         1
b - Slow                  Hex            0%         N/A       43%         2
c - Stone Arrow           Conj/Erth      0%         3d7       67%         3
Your spell library was empty.

Dungeon Overview and Level Annotations

Branches:
Dungeon (6/15)              Sewer (visited)
 Temple: D:4-7

Altars:
Hepliaklqana

Annotations:
D:5 2 exclusions
D:6 Pikel


Innate Abilities, Weirdness & Mutations

You are a tree.
Your roots penetrate the ground, keeping you stationary.
You cannot be teleported.
You are immune to unholy pain and torment.
Your maximum health is greatly increased.
Your equipment is partially melded.
You are immune to sickness and miasma.
You are immune to poison.
((Your flesh is very heat resistant. (rF++)))
((You are vulnerable to cold. (rC-)))
You float through the air rather than walking.
You learn spells naturally, not from books.
Your magical power is your life essence.
You have superior vitality. (+4 HP)


Message History

That felt strangely unrewarding.
No target in view!
Found 10 gold pieces and a robe.
No target in view!
No target in view!
You now have 369 gold pieces (gained 10).
You see here a +0 robe.
Pikel the Slaver comes into view.
He is wielding a +2 whip of freezing and carrying a wand of acid (14).
Pikel shouts!
You closely miss Pikel. Pikel hits you but does no damage.
You hit Pikel but do no damage.
Pikel hits you with a +2 whip of freezing.
Pikel freezes you.
You closely miss Pikel.
Pikel hits you with a +2 whip of freezing!
Pikel freezes you.
You hit Pikel.
Pikel is lightly wounded.
Pikel zaps a wand.
The bolt of acid hits you!
You are splashed with acid!
* * * LOW HITPOINT WARNING * * *
You are too injured to fight recklessly!
You are too injured to fight recklessly!
You hit Pikel.
Pikel is lightly wounded.
Pikel zaps a wand.
The bolt of acid hits you.
* * * LOW HITPOINT WARNING * * *
You are splashed with acid!
* * * LOW HITPOINT WARNING * * *
You closely miss Pikel.
Pikel is lightly wounded.
You hit Pikel but do no damage.
Pikel is lightly wounded.
Pikel hits you but does no damage.
Unknown command.
It was a potion of lignification.
You turn into a tree.
Your +0 cloak melds into your body.
Your +0 helmet melds into your body.
Your +3 plate armour melds into your body.
Your roots penetrate the ground.
Pikel hits you with a +2 whip of freezing.
You die...

# ##.#.#### ##.....#.#.##....#. #
##.#.##.#####........#.#.#..##.
###.#.##.#.##..........#..###.##.
##.#.##.#.#.###.......##.## ##.#.
#.#.##.#.#.#.###......>.## ##..
.#.##.#.###.#.###...####.## ##.##
#.##.#.##.##.#.###### ##.###....
.##.#.##.#.##.#[## ##.#.####
##.#.##.#.#.##.#♣## ######...# #
#.#.##.#..)#.##K#.# #........# #
.#.##...)##.#.##.#.##.####...#
#†#...#.##.#.##.# ###.# ##.##
##.#.#.##.#.##.# #.# #.#
.##.#.##.#.##.# #.#####.##
#.##.##.#.##.# #........#
.#.###.#.##K# #######..#
#.#.#†#.##.# #..#


You could see Pikel.

Vanquished Creatures
  2 ice beasts (D:6)
  An ogre (D:6)
  A lemure (D:6)
  2 bullfrogs (Sewer)
  A wight (D:6)
  2 bullfrog zombies
  A centaur zombie (D:5)
  2 hounds (D:6)
  An orc priest (D:3)
  Jessica (D:2)
  A centaur skeleton (D:4)
  7 orc wizards
  A gnoll (D:1)
  10 adders
  3 white imps
  An adder skeleton (D:4)
  4 worms (D:2)
  17 orcs
  11 ball pythons
  5 endoplasms
  9 giant cockroaches
  3 goblins
  8 hobgoblins
  14 jackals
  9 kobolds
  10 quokkas
  7 bats
  11 frilled lizards
  6 rats
151 creatures vanquished.

Vanquished Creatures (others)
  A fungus (D:1)
  A plant (D:1)
2 creatures vanquished.

Grand Total: 153 creatures vanquished

Notes
Turn   | Place    | Note
-------+----------+-------------------------------------------
     0 | D:1      | mainiacjoe the Djinni Gladiator began the quest for the
                  | Orb.
     0 | D:1      | Reached XP level 1. HP: 18/18 MP: 0/0
   343 | D:1      | Found a faded altar of an unknown god.
   358 | D:1      | Reached XP level 2. HP: 11/23 MP: 0/0
   711 | D:1      | Reached XP level 3. HP: 29/29 MP: 0/0
   711 | D:1      | Learned a level 1 spell: Shock
  1728 | D:2      | Reached XP level 4. HP: 29/34 MP: 0/0
  2307 | D:2      | Reached XP level 5. HP: 40/40 MP: 0/0
  2307 | D:2      | Learned a level 2 spell: Slow
  2308 | D:2      | Noticed Jessica
  2318 | D:2      | Killed Jessica
  2879 | D:2      | Reached XP level 6. HP: 32/46 MP: 0/0
  3877 | D:3      | Reached skill level 5 in Staves
  4142 | D:3      | Found a hazy altar of Hepliaklqana.
  4215 | D:4      | Reached XP level 7. HP: 38/51 MP: 0/0
  4215 | D:4      | Learned a level 3 spell: Stone Arrow
  4621 | D:4      | Reached skill level 5 in Dodging
  5237 | D:5      | Entered Level 5 of the Dungeon
  5383 | D:5      | Found a glowing drain.
  5410 | Sewer    | Entered a sewer
  6609 | D:6      | Reached XP level 8. HP: 43/58 MP: 0/0
  7278 | D:6      | Reached skill level 5 in Fighting
  7445 | D:6      | Noticed Pikel
  7456 | D:6      | HP: 2/59 [acid (12)]
  7459 | D:6      | Slain by Pikel

Illustrated notes

Levels and vault maps discovered:
D:1:      scummos_arrival_star, layout_loops_corners,
          shapermc_ecumenical_altar_rom_forum
D:2:      layout_loops_cross, uniq_jessica
D:3:      layout_rooms, nicolae_overflow_hidden_temple
D:4:      layout_loops_cross
D:5:      layout_loops_ring, gup_sewer_entry_pipe
D:6:      minmay_inner_zag, layout_loops_ring, uniq_pikel

Skill      XL: |  1  2  3  4  5  6  7  8 |
---------------+-------------------------+-----
Staves         | 3 4 5 6 |  6.8
Dodging        | 4 5 6 |  6.1
Fighting       | 3 4 5 |  5.1
Throwing       | |  1.5

Action                   |  1- 3 |  4- 6 |  7- 9 || total
-------------------------+-------+-------+-------++-------
Melee: Quarterstaff      |    93 |   196 |   194 ||   483
 Fire: Hunting sling     |       |    71 |    79 ||   150
Throw: Stone             |    50 |    98 |    44 ||   192
       Throwing net      |     1 |       |       ||     1
  Use: Scroll            |       |     1 |     1 ||     2
       Potion            |       |       |     1 ||     1
Armor: Leather armour    |    26 |    15 |       ||    41
       Plate armour      |       |   176 |   163 ||   339
Dodge: Dodged            |    55 |    97 |    24 ||   176
